 Dungeon Sprint DCSS version 0.25-a0-975-gcae8493d64 (webtiles) character file.

Game seed: 8887770092533028229, levelgen mode: deterministic

1128 jt the Blocker (level 8, -2/75 HPs)
             Began as a Deep Dwarf Fighter on May 9, 2020.
             Was a Believer of Makhleb.
             Engulfed by a cloud of flame (10 damage)
             ... in the Dungeon (Sprint III: "The Ten Rune Challenge").
             The game lasted 00:04:15 (448 turns).

jt the Blocker (Deep Dwarf Fighter)                  Turns: 448, Time: 00:04:16

Health: -2/75      AC:  6    Str: 24    XL:     8   Next: 13%
Magic:  4/4        EV: 10    Int: 11    God:    Makhleb [**....]
Gold:   26         SH: 13    Dex: 12    Spells: 7/7 levels left

rFire    . . .     SeeInvis .   a - +0 war axe
rCold    . . .     Gourm    .   c - +0 kite shield
rNeg     . . .     Faith    .   b - +0 scale mail
rPois    .         Spirit   .   (no helmet)
rElec    .         Reflect  .   (no cloak)
rCorr    .         Harm     .   (no gloves)
MR       +....     NoTele   +   (no boots)
Stlth    ..........             (no amulet)
HPRegen  0.00/turn              (no ring)
MPRegen  0.09/turn              (no ring)

@: mighty, very slightly contaminated, non-regenerating, hasted, very quick
A: damage resistance, heal wounds, clever 1, sense surroundings 1, strong 1,
MP-powered wands, sturdy frame 1, no regeneration
a: Heal Wounds, Minor Destruction, Renounce Religion


You were in the Dungeon.
You worshipped Makhleb.
Makhleb was pleased with you.
You were not hungry.

You visited 1 branch You collected 26 gold pieces.

Inventory:

Hand Weapons
 a - a +0 war axe (weapon)
Armour
 b - a +0 scale mail (worn)
 c - a +0 kite shield (worn)
Wands
 j - a wand of polymorph (6)
Scrolls
 n - a scroll of immolation
 o - 2 scrolls of identify
Potions
 e - a potion of curing
 i - 2 potions of magic
 l - a potion of stabbing
 q - 3 potions of flight
 r - 2 potions of mutation
Comestibles
 f - 5 rations
 m - 4 chunks of flesh


   Skills:
 + Level 5.4 Fighting
 + Level 13.0 Axes
 - Level 3.2 Armour
 + Level 13.2 Shields


You had 7 spell levels left.
You didn't know any spells.
Your spell library contained the following spells:

 Spells                   Type           Power        Failure   Level  Hunger
 Animate Skeleton         Necr           N/A          61%         1    ##.....
 Apportation              Tloc           #.....       61%         1    ##.....
 Corona                   Hex            #......      61%         1    ##.....
 Magic Dart               Conj           #...         61%         1    ##.....
 Summon Small Mammal      Summ           #...         61%         1    ##.....
 Blink                    Tloc           N/A          75%         2    ###....
 Call Imp                 Summ           #.......     75%         2    ###....
 Slow                     Hex            #.......     75%         2    ###....
 Conjure Flame            Conj/Fire      #.......     93%         3    ####...
 Mephitic Cloud           Conj/Pois/Air  #.......     93%         3    ####...


Dungeon Overview and Level Annotations

Branches:
Dungeon (1/1)

Altars:
Cheibriados
Dithmenos
Elyvilon
Fedhas
Gozag
Hepliaklqana
Kikubaaqudgha
Makhleb
Nemelex Xobeh
Okawaru
Qazlal
Ru
Sif Muna
Trog
Uskayaw
Vehumet
Wu Jian
Xom
Yredelemnul
Zin
The Shining One
Beogh
Jiyva
Lugonu


Innate Abilities, Weirdness & Mutations

You are resistant to damage.
You can heal yourself by infusing magical energy.
You passively map a small area around you.
You do not regenerate.
Your mind is acute. (Int +2)
Your muscles are strong. (Str +2)
You expend magic power (3 MP) to strengthen your wands.
Your movements are slightly less encumbered by armour. (ER -2)


Message History

The deep elf mage explodes!
The fiery explosion engulfs the demonic crawler.
The demonic crawler resists.
The demonic crawler is lightly wounded.
The fiery explosion engulfs you!!
* * * LOW HITPOINT WARNING * * *
Makhleb accepts your kill.
You feel better.
The demonic crawler disappears in a puff of smoke!
Your life force feels restored.
Your Fighting skill gained 2 levels and is now at level 5!
Your Axes skill increases to level 13!
Your Shields skill increases to level 13!
You have reached level 8!
You feel stronger.
You are engulfed in blazing flames.
* * * LOW HITPOINT WARNING * * *
Items here: ! ))) [[ †† You are engulfed in blazing flames.
You die...

.#......#####..#___#___#__#
##....÷..#..#..#...#__.#._#
, ,
.##.##...#..#..###)#'###'##
.##.###..##'#..#..........#
####.##..###...'.⌠........#
∩
##..##.)####...#...######'#
....##..###....#.⌠.#v_#...#
*
#..##...##.....#...#__#...#,
..##....#......#@###__#...#
.###..##.#.....#§§☼#__#...+
, .#
#..#####....#§§§#__+...# ,
▓▓*▓▓▓▓ * ▓▓▓▓▓▓▓▓▓▓▓▓▓▓▓▓▓
* * ≈ ≈ ≈ * ≈ ≈ ,,,, ≈≈≈≈ ,≈
*≈ ≈ ≈ ≈≈ ≈≈ ,, *,≈ * ** ≈ ≈
≈ * * , , ≈ ≈ +


There were no monsters in sight!

Vanquished Creatures
  A deep elf mage (D)
  A shadow (D)
  A necrophage (D)
  A water elemental (D)
  A jelly (D)
  A wizard (D)
  Jessica (D)
  A necromancer (D)
  A kobold demonologist (D)
  3 humans (D)
  A wolf (D)
  An ooze (D)
  2 rats (D)
16 creatures vanquished.

Vanquished Creatures (others)
  2 draconian scorchers (D)
  2 yaktaurs (D)
  6 hellions (D)
  A plant (D)
11 creatures vanquished.

Grand Total: 27 creatures vanquished

Notes
Turn   | Place    | Note
-------+----------+-------------------------------------------
     0 | D        | jt the Deep Dwarf Fighter began the quest for the Orb.
     0 | D        | Reached XP level 1. HP: 20/20 MP: 1/1
    40 | D        | Noticed Jessica
    42 | D        | Killed Jessica
    42 | D        | Reached skill level 5 in Axes
    42 | D        | Reached skill level 5 in Shields
    42 | D        | Reached XP level 2. HP: 27/27 MP: 2/2
    42 | D        | Reached XP level 3. HP: 33/33 MP: 3/3
    94 | D        | Killed a hellion
   103 | D        | Gained mutation: Your mind is acute. (Int +2) [potion of
                  | mutation]
   103 | D        | Gained mutation: You are partially covered in large bone
                  | plates. (SH +4) [potion of mutation]
   103 | D        | Gained mutation: You are robust. (+10% HP) [potion of
                  | mutation]
   105 | D        | Killed a hellion
   106 | D        | Killed a hellion
   107 | D        | Noticed a water elemental
   107 | D        | Killed a hellion
   108 | D        | Killed a hellion
   111 | D        | Killed a water elemental
   111 | D        | Reached XP level 4. HP: 42/44 MP: 4/4
   134 | D        | Killed a hellion
   163 | D        | Noticed a shadow
   166 | D        | Killed a shadow
   166 | D        | Reached skill level 10 in Axes
   166 | D        | Reached skill level 10 in Shields
   166 | D        | Reached XP level 5. HP: 47/50 MP: 5/5
   166 | D        | Reached XP level 6. HP: 57/60 MP: 6/6
   166 | D        | Killed a white draconian scorcher
   175 | D        | Killed a yaktaur
   176 | D        | Killed a white draconian scorcher
   204 | D        | Found a blossoming altar of Fedhas.
   204 | D        | Found a stormy altar of Qazlal.
   205 | D        | Found a snail-covered altar of Cheibriados.
   205 | D        | Found a burning altar of Makhleb.
   205 | D        | Found a hazy altar of Hepliaklqana.
   205 | D        | Found a shimmering altar of Xom.
   205 | D        | Found an opulent altar of Gozag.
   205 | D        | Found a sparkling altar of Nemelex Xobeh.
   205 | D        | Found a corrupted altar of Lugonu.
   205 | D        | Found a viscous altar of Jiyva.
   205 | D        | Noticed a spatial vortex
   208 | D        | Became a worshipper of Makhleb the Destroyer
   219 | D        | Found a shadowy altar of Dithmenos.
   228 | D        | Found a basalt altar of Yredelemnul.
   228 | D        | Found a sacrificial altar of Ru.
   256 | D        | Found a radiant altar of Vehumet.
   257 | D        | Found a shimmering blue altar of Sif Muna.
   257 | D        | Found an ancient bone altar of Kikubaaqudgha.
   258 | D        | Noticed a neqoxec
   259 | D        | Reached * piety under Makhleb
   260 | D        | Gained mutation: Potions are less effective at restoring
                  | your health. [a neqoxec]
   267 | D        | Lost mutation: Potions are less effective at restoring your
                  | health. [potion of mutation]
   267 | D        | Lost mutation: You are robust. (+10% HP) [potion of
                  | mutation]
   267 | D        | Lost mutation: You are partially covered in large bone
                  | plates. (SH +4) [potion of mutation]
   267 | D        | Gained mutation: You expend magic power (3 MP) to
                  | strengthen your wands. [potion of mutation]
   267 | D        | Gained mutation: Your movements are slightly less
                  | encumbered by armour. (ER -2) [potion of mutation]
   267 | D        | Gained mutation: Your muscles are strong. (Str +2) [potion
                  | of mutation]
   281 | D        | Found a glowing silver altar of Zin.
   282 | D        | Found a glowing golden altar of the Shining One.
   282 | D        | Found a white marble altar of Elyvilon.
   282 | D        | Noticed a deep elf mage
   321 | D        | Killed a yaktaur
   389 | D        | Found a hide-covered altar of Uskayaw.
   389 | D        | Found a roughly hewn altar of Beogh.
   389 | D        | Found an iron altar of Okawaru.
   389 | D        | Found a bloodstained altar of Trog.
   389 | D        | Found an ornate altar of the Wu Jian Council.
   389 | D        | Noticed a human
   389 | D        | Noticed a human
   399 | D        | Noticed a hellwing
   411 | D        | Killed a human
   411 | D        | Reached XP level 7. HP: 55/61 MP: 6/6
   415 | D        | Killed a human
   415 | D        | Reached ** piety under Makhleb
   417 | D        | Noticed a demonic crawler
   417 | D        | Noticed a demonic crawler
   446 | D        | Noticed a demonic crawler
   446 | D        | Killed a deep elf mage
   446 | D        | HP: 3/63 [deep elf mage/exploding inner flame[the player
                  | character] (27)]
   446 | D        | Reached skill level 5 in Fighting
   446 | D        | Reached XP level 8. HP: 14/75 MP: 4/4
   448 | D        | Engulfed by a cloud of flame

Illustrated notes

Levels and vault maps discovered:
D:        dungeon_sprint_mu [sprint_mu_entry_cave, sprint_mu_temple_rooms,
          sprint_mu_d1_spiders, sprint_mu_d2_genie, sprint_mu_d3_branching,
          sprint_mu_orc_legion, sprint_mu_elf_gauntlet, sprint_mu_hive_nellie,
          sprint_mu_lair_fedhas, sprint_mu_vaults_butterflies,
          sprint_mu_slime_circle, sprint_mu_swamp_cave, sprint_mu_snake_twists,
          sprint_mu_blade_basic, sprint_mu_crypt_lich, sprint_mu_tomb_spiral,
          sprint_mu_vestibule_basic, sprint_mu_gehenna_hellfire,
          sprint_mu_dis_giant, sprint_mu_tartarus_statrot,
          sprint_mu_cocytus_islands, sprint_mu_zot1]

Skill      XL: |  1  2  3  4  5  6  7 |
---------------+----------------------+-----
Axes           | 5 7 10 12 13 | 13.0
Shields        | 5 8 10 12 13 | 13.2
Fighting       | 5 |  5.4
Armour         | |  3.2

Action                   |  1- 3 |  4- 6 |  7- 9 || total
-------------------------+-------+-------+-------++-------
Melee: War axe           |    36 |    43 |    14 ||    93
 Abil: Heal Wounds       |     1 |     5 |    10 ||    16
  Use: Potion            |     2 |     4 |     1 ||     7
       Scroll            |       |       |     4 ||     4
Armor: Scale mail        |     8 |    10 |    16 ||    34
Dodge: Dodged            |    12 |    10 |    24 ||    46
Block: Kite shield       |    16 |    26 |    38 ||    80

Table legend:
 A = Non-vault XP
 B = Vault XP
 C = Vault XP percentage of total XP
 D = Non-vault monster count
 E = Vault monster count
 F = Vault count percentage of total count
                 A         B        C        D         E       F
            +---------+---------+-------+---------+---------+-------
      Total |       0 |    1612 | 100.0 |       0 |      16 | 100.0
            +---------+---------+-------+---------+---------+-------
          D |       0 |    1612 | 100.0 |       0 |      16 | 100.0
            +---------+---------+-------+---------+---------+-------
